 Dungeon Crawl Stone Soup version 0.17-a0-1393-gcb420ff (webtiles) character file.

9557 Fluffy the Basher (level 11, 0/67 HPs)
             Began as a Gargoyle Fighter on June 16, 2015.
             Was an Elder of Okawaru.
             Slain by a spiny frog (8 damage)
             ... on level 2 of the Lair of Beasts.
             The game lasted 00:29:22 (12332 turns).

Fluffy the Basher (Gargoyle Fighter)               Turns: 12332, Time: 00:29:22

Health: 0/67       AC: 25    Str: 19    XL:     11   Next: 48%
Magic:  15/15      EV: 10    Int: 10    God:    Okawaru [****..]
Gold:   509        SH: 13    Dex: 16    Spells: 0 memorised, 10 levels left

rFire  . . .     SeeInvis .     a - +1 flail
rCold  . . .     Clarity  .     y - +0 plate armour
rNeg   + . .     SustAt   .     c - +0 shield
rPois  ∞         Gourm    .     (no helmet)
rElec  +         Spirit   .     j - +1 cloak
rCorr  +         Warding  .     (no gloves)
rMut   .         Stasis   .     (no boots)
MR     .....                    i - amulet of resist corrosion
Stlth  ..........               t - +2 ring of evasion
                                k - +4 ring of dexterity

@: heroism, not resistant to hostile enchantments, extremely unstealthy
A: negative energy resistance 1, electricity resistance, unbreathing,
petrification resistance, rot immunity, AC +7
a: Heroism, Renounce Religion


You were on level 2 of the Lair of Beasts.
You worshipped Okawaru.
Okawaru was greatly pleased with you.
You were hungry.

You visited 3 branches of the dungeon, and saw 13 of its levels.
You also visited: Sewer.

You collected 509 gold pieces.

Inventory:

Hand weapons
 a - a +1 flail (weapon)
Missiles
 n - 3 javelins of penetration (quivered)
Armour
 c - a +0 shield (worn)
 j - a +1 cloak (worn)
 y - a +0 plate armour (worn)
Jewellery
 i - an amulet of resist corrosion (around neck)
 k - a +4 ring of dexterity (left hand)
 r - the ring "Vienasis" {+/*Tele rN+ Str-5 Dex+6}
   (You found it on level 6 of the Dungeon)

   [ring of teleportation]

   It may teleport you to nearby monsters, and can be evoked to randomly
   teleport.
   It affects your strength (-5).
   It affects your dexterity (+6).
   It protects you from negative energy.
 t - a +2 ring of evasion (right hand)
Magical devices
 g - a wand of digging (24)
 E - a wand of draining (6)
 G - a wand of disintegration (16)
Scrolls
 b - 6 scrolls of remove curse
 h - 8 scrolls of teleportation
 m - 2 scrolls of amnesia
 v - 2 scrolls of recharging
 w - 2 scrolls of fear
 x - 2 scrolls of magic mapping
 z - 3 scrolls of identify
 H - a scroll of enchant weapon
Potions
 d - 5 potions of might
 f - 2 potions of flight
 l - a potion of cure mutation
 p - 4 potions of brilliance
 q - a potion of heal wounds
 s - 5 potions of curing
 u - 4 potions of haste
 A - 2 potions of magic
 B - 2 potions of agility
 F - a potion of resistance
Miscellaneous
 C - a phial of floods
Comestibles
 e - 8 bread rations
 o - 9 beef jerkies
 D - 3 meat rations


   Skills:
 + Level 7.3(12.3) Fighting
 + Level 12.8(17.8) Maces & Flails
 + Level 7.4(12.4) Armour
 + Level 7.4(12.4) Shields
 + Level 6.5 Invocations


You had 10 spell levels left.
You didn't know any spells.

Dungeon Overview and Level Annotations

Branches:
Dungeon (8/15)             Temple (1/1) D:6            Lair (4/8) D:8
  Swamp: Lair:3-6    Shoals: Lair:3-6     Snake: Lair:3-6    Spider: Lair:3-6

Altars:
Ashenzari
Cheibriados
Dithmenos
Elyvilon
Fedhas
Gozag
Kikubaaqudgha
Makhleb
Nemelex Xobeh
Okawaru
Qazlal
Ru
Sif Muna
Trog
Vehumet
Xom
Yredelemnul
Zin
The Shining One

Shops:
D:5 *   D:6 %![}=


Innate Abilities, Weirdness & Mutations

You are resistant to torment.
Your stone body is resilient (AC +7).
You are immune to poison.
You resist negative energy.
You are resistant to electric shocks.
You can survive without breathing.
You are immune to petrification.
You are immune to rotting.


Message History

* * * LOW HITPOINT WARNING * * *
The iguana bites you but does no damage.
You sock the komodo dragon!
The komodo dragon is moderately wounded.
You block the spiny frog's attack.
You sock the komodo dragon!
The komodo dragon is heavily wounded.
You block the komodo dragon's attack.
The iguana bites you but does no damage.
The spiny frog stings you.
* * * LOW HITPOINT WARNING * * *
You sock the komodo dragon!
The komodo dragon is severely wounded.
The komodo dragon bites you!
* * * LOW HITPOINT WARNING * * *
You block the iguana's attack.
You closely miss the komodo dragon.
The komodo dragon is severely wounded.
The spiny frog stings you!
You die...

.... ###........
... #P..........
.. ##............
.
###...............
#.................
#.)...............
##l...............
#@Fk.$............
##l...............
##...............
##..............
#.......>......
#..............
................
#................
............[....


You could see a komodo dragon, a spiny frog, a fire drake and an iguana.

Vanquished Creatures
  The ghost of Badjas the Walking Fertiliser, an experienced DsGl of Fedhas (D:5)
  A fire drake (D:8)
  A spiny frog (Lair:1)
  3 komodo dragons
  Eustachio (D:4)
  A hungry ghost (D:7)
  16 yaks
  6 wolves (Lair:2)
  Menkaure (D:6)
  A hippogriff (Lair:1)
  3 water moccasins
  5 porcupines
  An orc warrior (D:7)
  3 phantoms
  An ice beast (D:7)
  2 ogres
  7 crocodiles
  8 giant frogs
  3 scorpions
  5 wights (D:8)
  3 hounds
  2 jellies
  4 orc wizards
  2 crimson imps
  2 orc priests (D:7)
  Crazy Yiuf (D:2)
  Ijyb (D:2)
  An iron imp (D:7)
  A giant frog skeleton (D:5)
  A giant frog zombie (D:7)
  6 worker ants
  Natasha (thrice) (D:4)
  4 iguanas
  A hound skeleton (D:5)
  2 hound zombies
  18 gnolls
  28 river rats
  17 adders
  A shadow imp (D:5)
  2 oozes (Sewer)
  An adder skeleton (D:6)
  3 worms
  4 giant geckos
  11 orcs
  2 bat skeletons
  10 goblins
  8 hobgoblins
  6 jackals (D:3)
  A quokka (D:6)
  16 ball pythons
  11 bats
  5 giant cockroaches
  A giant gecko zombie (D:7)
  10 giant newts
  A jackal skeleton (D:4)
  12 kobolds
  A quokka skeleton (D:6)
  35 rats
308 creatures vanquished.

Notes
Turn   | Place    | Note
--------------------------------------------------------------
     0 | D:1      | Fluffy the Gargoyle Fighter began the quest for the Orb.
     0 | D:1      | Reached XP level 1. HP: 14/14 MP: 1/1
   285 | D:1      | Reached XP level 2. HP: 19/19 MP: 2/2
  1093 | D:2      | Noticed Ijyb
  1112 | D:2      | Killed Ijyb
  1112 | D:2      | Reached XP level 3. HP: 7/23 MP: 3/3
  1527 | D:2      | Noticed Crazy Yiuf
  1533 | D:2      | Killed Crazy Yiuf
  1533 | D:2      | Reached skill level 4 in Maces & Flails
  1533 | D:2      | Reached XP level 4. HP: 15/28 MP: 0/4
  2248 | D:3      | Reached skill level 5 in Maces & Flails
  2263 | D:3      | Reached XP level 5. HP: 28/32 MP: 5/5
  2763 | D:4      | Found a glowing drain.
  2820 | Sewer    | Entered a sewer
  2968 | Sewer    | Reached skill level 6 in Maces & Flails
  2968 | Sewer    | Reached XP level 6. HP: 34/37 MP: 6/6
  3349 | Sewer    | Reached skill level 7 in Maces & Flails
  3358 | Sewer    | Reached XP level 7. HP: 8/41 MP: 7/7
  3368 | Sewer    | HP: 2/41 [ball python (1)]
  3655 | D:4      | Found a sparkling altar of Nemelex Xobeh.
  4089 | D:4      | Noticed Natasha
  4112 | D:4      | Killed Natasha
  4156 | D:4      | Noticed a phantom
  4185 | D:4      | Killed a phantom
  4185 | D:4      | Reached skill level 8 in Maces & Flails
  4417 | D:4      | Noticed Natasha
  4424 | D:4      | Killed Natasha
  4569 | D:4      | Noticed Natasha
  4577 | D:4      | Killed Natasha
  4593 | D:5      | Entered Level 5 of the Dungeon
  4660 | D:5      | Found Reydghar's General Store.
  4669 | D:5      | Noticed Eustachio
  4669 | D:5      | Noticed Badjas's ghost (experienced DsGl)
  4739 | D:5      | Reached skill level 9 in Maces & Flails
  4739 | D:5      | Reached XP level 8. HP: 21/46 MP: 8/8
  5084 | D:4      | Killed Eustachio
  5164 | D:5      | Killed Badjas's ghost
  5164 | D:5      | Reached skill level 10 in Maces & Flails
  5717 | D:6      | Found Xuol's Jewellery Emporium.
  5814 | D:6      | Found Hoavudd's Antique Armour Shoppe.
  5821 | D:6      | Found Ikhi's Distillery.
  5981 | D:6      | Noticed Menkaure
  5990 | D:6      | Killed Menkaure
  5990 | D:6      | Reached skill level 11 in Maces & Flails
  5990 | D:6      | Reached XP level 9. HP: 39/51 MP: 9/9
  6007 | D:6      | Found Obaoster's Gadget Shoppe.
  6025 | D:6      | Found a deep blue altar of Sif Muna.
  6031 | D:6      | Found an opulent altar of Gozag.
  6036 | D:6      | Got a warped ivory ring
  6038 | D:6      | Identified the ring "Vienasis" {+/*Tele rN+ Str-5 Dex+6} (You found it on level 6 of the Dungeon)
  6258 | D:6      | Found a staircase to the Ecumenical Temple.
  6268 | Temple   | Entered the Ecumenical Temple
  6355 | Temple   | Became a worshipper of Warmaster Okawaru
  6605 | D:6      | Found a glowing silver altar of Zin.
  6714 | D:6      | Found a shimmering altar of Xom.
  6861 | D:6      | Found Plog's Food Shop.
  7182 | D:7      | Reached skill level 1 in Invocations
  7403 | D:7      | Found a sacrificial altar of Ru.
  7411 | D:7      | Found a glowing golden altar of the Shining One.
  7923 | D:7      | Found a blossoming altar of Fedhas.
  7981 | D:7      | Found a snail-covered altar of Cheibriados.
  8364 | D:8      | Acquired Okawaru's first power
  8642 | D:8      | Found a staircase to the Lair.
  8642 | D:8      | Noticed a fire drake
  8655 | D:8      | Killed a fire drake
  8655 | D:8      | Reached skill level 12 in Maces & Flails
  8655 | D:8      | Reached XP level 10. HP: 40/58 MP: 12/12
  8657 | D:8      | Reached skill level 5 in Shields
  8772 | D:8      | Reached skill level 5 in Armour
  9085 | D:8      | Reached skill level 5 in Fighting
  9196 | D:8      | Found a sparkling altar of Nemelex Xobeh.
  9484 | Lair:1   | Entered Level 1 of the Lair of Beasts
  9855 | Lair:1   | Reached skill level 5 in Invocations
 10466 | Lair:1   | Reached XP level 11. HP: 62/66 MP: 15/15
 12049 | Lair:2   | You fall through a shaft for 2 floors!
 12332 | Lair:2   | Slain by a spiny frog

Vault maps used:
D:1:      dpeg_arrival_lava_altar
D:2:      uniq_iyjb, uniq_crazy_yiuf_cottage
D:4:      kennysheep_little_box, portal_sewer_entry_a, uniq_natasha
D:5:      first_bread, serial_shops, nicolae_shop_statue_plus, uniq_eustachio
D:6:      zin_academy, minitemple, minmay_temple_entry_butterflies, basic_altar,
          serial_shops, shop, kennysheep_mini_moat, nicolae_shop_crystal,
          kennysheep_mini, shop, uniq_menkaure
D:7:      grunt_temple_overflow_open, lemuel_round_altar, grunt_ogre_cave,
          grunt_ministairs_9, chei_slow_surprise
D:8:      minmay_lair_entry_lava, kennysheep_decorative_pillar,
          nemelex_diamond_rough_becter
Temple:   chambers_temple_12
Lair:1:   minivault_24
Lair:2:   beast_lair_carwin_3
Lair:3:   minmay_shoals_entry_hut, columned_hall_lemuel,
          grunt_forest_large_clearing_hut
Lair:4:   bh_chokoban, pond, uniq_snorg
Sewer:    sewer_minmay_w

Action                   |  1- 3 |  4- 6 |  7- 9 | 10-12 || total
-------------------------+-------+-------+-------+-------++-------
Melee: Flail             |    66 |   397 |   751 |   582 ||  1796
Invok: Heroism           |       |       |       |     1 ||     1
  Use: Potion            |     4 |       |     4 |     1 ||     9
       Scroll            |     6 |     1 |    11 |     1 ||    19
  Eat: Chunk             |       |     9 |    16 |    12 ||    37
       Beef jerky        |       |       |     1 |       ||     1
       Pizza             |       |       |     1 |       ||     1
